 Dungeon Crawl Stone Soup version 0.22.0-21-g8bd1b0a76a (webtiles) character file.

533 Freyura the Sneak (level 7, -3/36 HPs)
             Began as a Vine Stalker Assassin on Aug 19, 2018.
             Slain by a killer bee (4 damage)
             ... on level 5 of the Dungeon.
             The game lasted 00:15:12 (3326 turns).

Freyura the Sneak (Vine Stalker Assassin)           Turns: 3326, Time: 00:15:14

Health: -3/36      AC:  9    Str: 14    XL:     7   Next: 24%
Magic:  0/8        EV: 12    Int: 11    God:
Gold:   181        SH:  5    Dex: 17    Spells: 6/6 levels left

rFire    + . .     SeeInvis +   a - +2 dagger
rCold    x . .     Gourm    .   o - +0 buckler
rNeg     . . .     Faith    .   x - +0 robe of the Vanishing Stars {rElec rC- MR++ SInv}
rPois    .         Spirit   +   (no helmet)
rElec    +         Reflect  .   v - scarf {cloud immunity}
rCorr    .         Harm     .   n - +0 pair of gloves
MR       ++...                  (no boots)
Stlth    ++++......             (no amulet)
HPRegen  0.52/turn              i - ring of protection from fire
MPRegen  0.11/turn              s - +6 ring of protection

@: lethally poisoned (-3 -> -4)
A: fangs 2, regeneration 1, magic shield, antimagic bite, no potion heal 3, rot
immunity
a: no special abilities


You were on level 5 of the Dungeon.
You were not hungry.

You visited 1 branch of the dungeon, and saw 5 of its levels.

You collected 181 gold pieces.

Inventory:

Hand Weapons
 a - a +2 dagger (weapon)
 b - a +0 blowgun
Missiles
 e - 15 poisoned needles
 f - 2 curare-tipped needles
Armour
 c - a +0 robe
 d - a +0 cloak
 n - a +0 pair of gloves (worn)
 o - a +0 buckler (worn)
 v - a scarf of cloud immunity (worn)
 x - the +0 robe of the Vanishing Stars (worn) {rElec rC- MR++ SInv}
   (You found it on level 4 of the Dungeon)

   It makes you vulnerable to cold.
   It insulates you from electricity.
   It affects your resistance to hostile enchantments.
   It lets you see invisible.
Jewellery
 i - a ring of protection from fire (left hand)
 s - a +6 ring of protection (right hand)
Wands
 p - a wand of random effects (25)
Scrolls
 j - 3 scrolls of identify
 k - 6 scrolls of teleportation
 l - a scroll of blinking {unknown}
 r - a scroll of fear {unknown}
 w - a scroll of remove curse {unknown}
Potions
 h - 2 potions of curing
 m - 2 potions of lignification {unknown}
 q - 2 potions of flight {unknown}
 t - a potion of heal wounds {unknown}
 u - a potion of might {unknown}
Comestibles
 g - 7 rations


   Skills:
 + Level 3.0 Fighting
 * Level 4.0 Short Blades
 - Level 1.7 Throwing
 + Level 2.3 Dodging
 * Level 7.1 Stealth
 + Level 2.1 Shields


You had 6 spell levels left.
You didn't know any spells.
Your spell library was empty.

Dungeon Overview and Level Annotations

Branches:
Dungeon (5/15)
 Temple: D:4-7

Altars:
Ashenzari
Okawaru
Vehumet


Innate Abilities, Weirdness & Mutations

You have extremely sharp teeth.
Your natural rate of healing is unusually fast.
When hurt, damage is shared between your health and your magic reserves.
Your bite disrupts and absorbs the magic of your enemies.
Potions cannot restore your health.
You are immune to rotting.


Message History

You feel invigorated.
The killer bee is heavily wounded.
The killer bee stings you but does no damage.
The killer bee stings you.
You are poisoned.
The killer bee poisons you! The killer bee stings you.
* * * LOW HITPOINT WARNING * * *
You are lethally poisoned!
The killer bee poisons you! The killer bee closely misses you.
Your system rejects the healing.
You feel better. The killer bee closely misses you.
The killer bee stings you but does no damage. x2
The killer bee barely misses you.
You barely miss the killer bee. Your bite misses the killer bee.
The killer bee is heavily wounded.
The killer bee stings you!
* * * LOW HITPOINT WARNING * * *
You are lethally poisoned!
The killer bee poisons you! The killer bee stings you.
You die...

### .. .. #
.# .##.#####
# #r.....[.
#. #yyy>....
#.###@#
#..††#
####...#
#......# #
#.###.##.###$
#.#.........#
#.#.#.######.
#.....#
###.#!#


You could see 3 killer bees and a quokka.

Vanquished Creatures
  Grinder (D:4)
  2 killer bees (D:5)
  A bullfrog skeleton (D:4)
  An iguana (D:4)
  An orc priest (D:4)
  Robin (D:4)
  6 adders
  A worm (D:2)
  3 dart slugs (D:2)
  7 orcs
  5 giant cockroaches
  9 hobgoblins
  3 jackals (D:1)
  A quokka (D:2)
  2 ball pythons
  4 bats
  3 frilled lizards
  A giant cockroach zombie (D:4)
  16 goblins
  4 kobolds
  A leopard gecko skeleton (D:4)
  6 rats
79 creatures vanquished.

Notes
Turn   | Place    | Note
-------+----------+-------------------------------------------
     0 | D:1      | Freyura the Vine Stalker Assassin began the quest for the Orb.
     0 | D:1      | Reached XP level 1. HP: 11/11 MP: 2/2
   263 | D:1      | Reached skill level 5 in Stealth
   295 | D:1      | Reached skill level 1 in Dodging
   295 | D:1      | Reached XP level 2. HP: 15/15 MP: 3/3
   868 | D:1      | Reached XP level 3. HP: 16/18 MP: 4/4
  1609 | D:3      | Gained mutation: Your natural rate of healing is unusually fast. [Vine Stalker growth]
  1609 | D:3      | Reached XP level 4. HP: 23/23 MP: 5/5
  1816 | D:3      | Found a radiant altar of Vehumet.
  1817 | D:3      | Found an iron altar of Okawaru.
  2126 | D:3      | Reached XP level 5. HP: 27/27 MP: 6/6
  2301 | D:4      | Noticed Robin
  2329 | D:4      | Killed Robin
  2329 | D:4      | Reached skill level 1 in Shields
  2426 | D:4      | Reached skill level 6 in Stealth
  2667 | D:4      | Reached XP level 6. HP: 16/32 MP: 4/7
  2805 | D:4      | Noticed Grinder
  2842 | D:4      | Killed Grinder
  2842 | D:4      | Reached XP level 7. HP: 4/35 MP: 8/8
  2843 | D:4      | Got a distressingly furry robe
  2854 | D:4      | Identified the +0 robe of the Vanishing Stars {rElec rC- MR++ SInv} (You found it on level 4 of the Dungeon)
  2959 | D:4      | Found a shattered altar of Ashenzari.
  3300 | D:5      | Entered Level 5 of the Dungeon
  3313 | D:5      | Reached skill level 7 in Stealth
  3326 | D:5      | HP: 1/36 [killer bee (4)]
  3326 | D:5      | Slain by a killer bee

Skill      XL: |  1  2  3  4  5  6  7 |
---------------+----------------------+-----
Short Blades   | 2 3 4 |  4.0
Stealth        | 5 6 7 |  7.1
Dodging        | 1 2 |  2.3
Fighting       | 2 3 |  3.0
Shields        | 1 2 |  2.1
Throwing       | |  1.7

Action                   |  1- 3 |  4- 6 |  7- 9 || total
-------------------------+-------+-------+-------++-------
Melee: Dagger            |    94 |   143 |    11 ||   248
       Bite              |    30 |    39 |     1 ||    70
  Use: Scroll            |       |     2 |       ||     2
       Potion            |       |     1 |     2 ||     3
 Stab: Sleeping          |     3 |    14 |     3 ||    20
       Distracted        |     1 |       |       ||     1
  Eat: Ration            |     1 |     2 |       ||     3
Armor: Robe              |    19 |    23 |     6 ||    48
Dodge: Dodged            |    54 |    48 |    12 ||   114
Block: Buckler           |     2 |    20 |     2 ||    24
